 Dungeon Crawl Stone Soup version 0.14-a0-1765-g49ce880 (webtiles) character file.

1188 Herrn the Chopper (level 8, -8/68 HPs)
             Began as a Hill Orc Fighter on Jan 5, 2014.
             Was a Follower of Okawaru.
             Mangled by a goliath beetle (25 damage)
             ... on Level 5 of the Dungeon.
             The game lasted 00:41:06 (7261 turns).

Herrn the Chopper (Hill Orc Fighter)                Turns: 7261, Time: 00:41:06

HP  -8/68        AC  9     Str 20      XL: 8   Next: 24%
MP   8/8         EV  7     Int  8      God: Okawaru [*.....]
Gold 149         SH 21     Dex 11      Spells:  0 memorised,  7 levels left

rFire  . . .     SeeInvis .     a - +0 orc hand axe
rCold  + . .     Clarity  .     b - +0 orc scale mail
rNeg   + + .     Conserve .     c - +0 orc shield
rPois  .         rCorr    .     (no helmet)
rElec  .         rRot     .     v - +0 cloak (curse)
SustAb . .       Spirit   .     (no gloves)
rMut   .         Warding  +     (no boots)
Saprov + . .     Stasis   .     p - cursed amulet of warding
                                r - ring of protection from cold
                                k - ring of positive energy

@: slightly resistant to hostile enchantments, extremely unstealthy
A: saprovore 1
a: Heroism, Renounce Religion


You were on level 5 of the Dungeon.
You worshipped Okawaru.
Okawaru was aware of your devotion.
You were very hungry.

You visited 2 branches of the dungeon, and saw 6 of its levels.
You also visited: Sewer and Ossuary.

You collected 149 gold pieces.

Inventory:

Hand weapons
 a - a +0,+0 orcish hand axe (weapon)
Armour
 b - a +0 orcish scale mail (worn)
 c - a +0 orcish shield (worn)
 v - a cursed +0 cloak (worn)
Magical devices
 g - a wand of enslavement (5) {unknown}
Comestibles
 d - 3 meat rations
 m - 4 bread rations
Scrolls
 e - 3 scrolls of teleportation
 h - 3 scrolls of random uselessness {unknown}
 i - a scroll of blinking {unknown}
 j - 3 scrolls of immolation {unknown}
 l - a scroll of fog {unknown}
 n - 5 scrolls of remove curse
 o - 5 scrolls of noise {unknown}
 q - 4 scrolls of amnesia {unknown}
 x - 2 scrolls of recharging {unknown}
 y - a scroll of curse weapon {unknown}
 C - 2 scrolls of curse jewellery {unknown}
 D - a scroll of enchant weapon II {unknown}
 E - a scroll of curse armour {unknown}
 I - a scroll of enchant weapon I {unknown}
Jewellery
 k - a ring of positive energy (left hand)
 p - a cursed amulet of warding (around neck)
 r - a ring of protection from cold (right hand)
Potions
 f - 5 potions of heal wounds
 t - 9 potions of curing
 u - 2 potions of restore abilities
 w - a potion of mutation
 z - a potion of agility
 A - a potion of speed
 B - 2 potions of magic
 H - 2 potions of invisibility {unknown}
Books
 s - a book of Enchantments

   Spells                             Type                      Level
   Cause Fear                         Hexes                        4
   Silence                            Hexes/Air                    5
   Tukima's Dance                     Hexes                        5
   Deflect Missiles                   Charms/Air                   6
   Haste                              Charms                       6
   Discord                            Hexes                        8


   Skills:
 * Level 5.3 Fighting
 * Level 6.7 Axes
 + Level 5.1 Armour
 * Level 3.9 Dodging
 - Level 0.1 Stealth
 + Level 5.4 Shields


You had 7 spell levels left.
You didn't know any spells.

Dungeon Overview and Level Annotations

Branches:
Dungeon (5/16)             Temple (1/1) D:4

Altars:
Ashenzari
Cheibriados
Fedhas
Kikubaaqudgha
Makhleb
Nemelex Xobeh
Okawaru
Sif Muna
Trog
Vehumet
Xom
Zin

Shops:
D:4 [


Innate Abilities, Weirdness & Mutations

You can tolerate rotten meat.


Message History

The goliath beetle is heavily wounded.
You block the goliath beetle's attack.
You are feeling very hungry.
You hit the goliath beetle but do no damage.
The goliath beetle is heavily wounded.
You hit the goliath beetle but do no damage.
The goliath beetle is heavily wounded.
You block the goliath beetle's attack.
You hit the goliath beetle.
The goliath beetle is heavily wounded.
You hit the goliath beetle but do no damage.
The goliath beetle is heavily wounded.
The goliath beetle bites you!
* * * LOW HITPOINT WARNING * * *
You hit the goliath beetle but do no damage.
The goliath beetle is heavily wounded.
You hit the goliath beetle but do no damage.
The goliath beetle is heavily wounded.
The goliath beetle bites you!
You die...

.# #..#.....#. #... .#
#..#.....#...).#######... .#####
#..#.....#............... ......
...#.....#.....########..
########...#.....+.....# #..
.......#...#.....#.....# #..
.......#...#.....#.....# #..
.......#...##'####.....# #####..
.......#........@B#########.....#
.......#........###≈≈≈≈≈≈≈##..^.#
.......#........##≈#######≈#....#
.......#........##≈##≈.≈≈#≈#....#
.......#........##≈#≈###≈#.#....#
#'######........##≈##%.#≈#≈#....#
................##≈#####.#≈#....#
#...............###≈≈≈≈.##.#....#
#.................########≈#....#


You could see a goliath beetle.

Vanquished Creatures
  Edmund (D:5)
  An ice beast (D:5)
  A sky beast (D:5)
  A centaur (D:5)
  A crimson imp (D:5)
  A scorpion (D:5)
  A hound (D:4)
  A big fish (Sewer)
  3 water moccasin zombies (Ossuary)
  A worker ant (D:4)
  An iguana (D:5)
  2 big kobold zombies (Ossuary)
  2 mummies (Ossuary)
  6 adders
  8 gnolls (D:4)
  A giant centipede (D:5)
  2 giant mites (D:5)
  A green rat (D:5)
  An inept feature mimic (D:4)
  2 worms (D:5)
  5 adder zombies (Ossuary)
  6 giant geckos
  An ooze (D:2)
  9 orcs (D:4)
  A bat skeleton (D:4)
  5 gnoll zombies (Ossuary)
  10 goblins
  13 hobgoblins
  10 jackals
  5 quokkas
  7 ball pythons
  16 bats
  6 giant cockroaches
  A giant gecko zombie (D:5)
  5 giant newts
  7 hobgoblin zombies (Ossuary)
  13 kobolds
  3 kobold zombies (Ossuary)
  3 orc zombies (Ossuary)
  11 rats
  A rat skeleton (D:4)
  8 plants (Sewer)
184 creatures vanquished.

Notes
Turn   | Place    | Note
--------------------------------------------------------------
     0 | D:1      | Herrn, the Hill Orc Fighter, began the quest for the Orb.
     0 | D:1      | Reached XP level 1. HP: 19/19 MP: 1/1
   356 | D:1      | Reached XP level 2. HP: 22/27 MP: 2/2
   774 | D:2      | Reached XP level 3. HP: 30/33 MP: 3/3
  1498 | D:2      | Reached skill level 1 in Dodging
  1811 | D:2      | Reached skill level 4 in Fighting
  2141 | D:3      | Reached XP level 4. HP: 36/40 MP: 4/4
  2775 | D:4      | Found a staircase to the Ecumenical Temple.
  2786 | Temple   | Entered the Ecumenical Temple
  2811 | Temple   | Became a worshipper of Warmaster Okawaru
  3027 | D:4      | Reached XP level 5. HP: 28/46 MP: 5/5
  3403 | D:4      | Found a glowing silver altar of Zin.
  3413 | D:4      | Found a sparkling altar of Nemelex Xobeh.
  3556 | D:4      | Found Cuihud's Antique Armour Shop.
  3630 | D:4      | Reached XP level 6. HP: 26/52 MP: 6/6
  4268 | D:4      | Got a steaming whip
  4613 | D:4      | Found a burning altar of Makhleb.
  4613 | D:4      | Noticed a green death
  4617 | D:4      | Noticed a neqoxec
  4617 | D:4      | Noticed a smoke demon
  4731 | D:5      | Entered Level 5 of the Dungeon
  4865 | D:5      | Reached skill level 5 in Axes
  5144 | D:5      | Reached XP level 7. HP: 32/60 MP: 7/7
  5160 | D:5      | Found a blossoming altar of Fedhas.
  5406 | D:5      | Found a glowing drain.
  5414 | Sewer    | Entered a sewer
  5686 | Sewer    | Reached skill level 5 in Shields
  6460 | D:5      | Found a bloodstained altar of Trog.
  6483 | D:5      | Acquired Okawaru's first power
  6597 | D:5      | Noticed Edmund
  6638 | D:5      | Killed Edmund
  6638 | D:5      | Reached skill level 5 in Fighting
  6638 | D:5      | Reached skill level 6 in Axes
  6672 | D:5      | Reached XP level 8. HP: 49/68 MP: 8/8
  6692 | D:5      | Found a sand-covered staircase.
  6697 | Ossuary  | Entered an ossuary
  6960 | Ossuary  | Reached skill level 5 in Armour
  7261 | D:5      | Mangled by a goliath beetle

Action                   |  1- 3 |  4- 6 |  7- 9 || total
-------------------------+-------+-------+-------++-------
Melee: Hand axe          |   160 |   283 |   947 ||  1390
  Use: Scroll            |       |     7 |     2 ||     9
